Map: Eternal Empire LE

Players

Jason

  • Race: Terran Terran
  • League: Grandmaster
  • Spawn Location: 7:00

Creature - Winner!

  • Race: Protoss Protoss
  • Spawn Location: 1:00

Event: The Miserable Cup

VOD

Have the link to the VOD?

Description

Time

  • Played on: June 19, 2020, 11:49 a.m.
  • Length: 16:59

All games in this series

Show
View Real Time Build Order
Export as new Build Order

Jason Terran 

Build Orders: Reaper Expand 

Get SALT Encoding   

  12  0:00  SCV  
  13  0:12  SCV  
  14  0:17  Supply Depot  
  14  0:24  SCV  
  15  0:38  SCV  
  15  0:40  Barracks  
  16  0:45  Refinery  
  16  0:51  SCV  
  17  1:03  SCV  
  18  1:15  SCV  
  19  1:28  Orbital Command  
  19  1:29  Reaper  
  20  1:49  Command Center  
  20  1:55  SCV  
  20  2:01  Marine, Supply Depot  
  21  2:07  SCV  
  23  2:11  Factory  
  23  2:17  Refinery  
  23  2:22  SCV, Barracks Reactor  
  24  2:34  SCV  
  24  2:35  Bunker  
  25  2:46  SCV  
  26  3:06  Orbital Command  
  26  3:07  Marine x2  
  26  3:08  Widow Mine  
  26  3:10  SCV  
  26  3:12  Starport  
  31  3:22  SCV  
  32  3:27  Marine x2  
  32  3:33  Widow Mine  
  36  3:35  SCV  
  36  3:40  SCV  
  38  3:46  Supply Depot  
  38  3:47  Marine x2, SCV  
  40  3:50  Medivac  
  40  3:52  SCV  
  43  3:57  Widow Mine  
  43  3:59  SCV  
  45  4:04  SCV  
  45  4:07  Barracks  
  46  4:10  Barracks  
  46  4:11  SCV  
  46  4:14  Marine x2  
  46  4:16  SCV  
  50  4:24  SCV  
  50  4:27  Engineering Bay  
  50  4:28  SCV  
  52  4:32  Marine x2  
  52  4:35  Refinery  
  54  4:41  SCV x2, Supply Depot  
  54  4:42  Factory Tech Lab, Starport Tech Lab  
  56  4:53  SCV, Terran Infantry Weapons Level 1  
  56  4:55  SCV  
  56  4:57  Missile Turret  
  58  5:06  SCV  
  59  5:07  SCV, Stimpack  
  59  5:08  Marauder  
  62  5:18  Marine, SCV  
  62  5:20  Factory Reactor  
  65  5:21  SCV  
  65  5:26  Starport Reactor  
  65  5:28  Supply Depot  
  65  5:30  SCV  
  65  5:31  Combat Shield  
  65  5:33  Marauder, SCV  
  65  5:34  Marine  
  68  5:38  Marauder  
  68  5:41  Marine  
  68  5:42  SCV  
  68  5:45  SCV  
  68  5:48  Armory  
  68  5:49  Missile Turret  
  69  5:52  Marine  
  69  5:54  Marauder  
  72  5:57  Supply Depot  
  72  5:59  Marine  
  72  6:00  Widow Mine  
  75  6:08  Marauder  
  75  6:09  Marine  
  78  6:14  Medivac x2  
  78  6:15  Widow Mine, Supply Depot  
  78  6:16  Marauder  
  86  6:19  Marine  
  86  6:23  Widow Mine  
  89  6:27  Supply Depot  
  89  6:28  SCV x2  
  89  6:29  Supply Depot  
  89  6:32  Marine  
  91  6:33  Marauder  
  91  6:36  Marine  
  95  6:40  SCV  
  95  6:42  Marine  
  97  6:49  Concussive Shells  
  97  6:51  Marine  
  98  6:54  Marauder  
  98  6:55  Command Center  
  98  6:57  Medivac x2  
  98  7:01  Marine x2  
  105  7:06  SCV x2  
  108  7:16  Marauder  
  108  7:18  SCV  
  108  7:22  Marine  
  112  7:23  SCV  
  112  7:25  Terran Infantry Armor Level 1  
  112  7:27  Barracks  
  112  7:28  Barracks  
  113  7:30  SCV  
  113  7:35  SCV  
  115  7:38  Marine x2  
  115  7:42  SCV  
  118  7:46  Refinery, Supply Depot x2  
  118  7:53  Ghost Academy  
  118  7:54  Engineering Bay  
  118  7:59  Supply Depot x2  
  118  8:02  SCV  
  117  8:06  Marauder  
  117  8:12  SCV  
  115  8:15  Marine  
  115  8:17  Widow Mine  
  105  8:30  Marine, Barracks Tech Lab  
  105  8:31  Medivac x2, Barracks Tech Lab  
  105  8:32  Orbital Command  
  105  8:33  SCV  
  107  8:39  Marine, Marauder, Widow Mine x2  
  103  8:50  SCV x2  
  105  8:59  Refinery x2, Marine  
  105  9:00  Marine x2, Marauder  
  105  9:01  Enhanced Shockwaves  
  114  9:02  SCV  
  114  9:03  Terran Infantry Weapons Level 2, SCV  
  116  9:13  Missile Turret x2  
  116  9:15  Sensor Tower, Widow Mine  
  116  9:16  Missile Turret  
  118  9:19  Marine x2, Marauder  
  122  9:26  Medivac  
  122  9:27  Medivac  
  122  9:28  Unknown  
  122  9:29  Unknown  
  122  9:31  Marine x2  
  127  9:32  Marine  
  127  9:36  Marine  
  127  9:37  Marine  
  131  9:40  Terran Infantry Armor Level 2  
  131  9:41  Marauder  
  133  9:46  Command Center  
  133  9:48  Supply Depot  
  133  9:49  Marine x3  
  136  9:54  Marine  
  136  9:56  Marine  
  138  10:00  Starport  
  138  10:02  Marauder  
  141  10:07  Marine  
  141  10:08  Barracks  
  141  10:10  Barracks x2  
  144  10:15  Marine x2  
  146  10:25  Marine  
  146  10:26  Medivac, Supply Depot  
  146  10:27  Supply Depot  
  151  10:28  Supply Depot  
  151  10:32  Personal Cloaking  
  151  10:33  Marine x2  
  151  10:35  Marine, Unknown  
  154  10:36  Unknown  
  155  10:52  Unknown  
  142  11:08  Marine x2  
  142  11:09  Marine, Unknown  
  148  11:18  Starport Reactor  
  140  11:19  Barracks Tech Lab  
  140  11:20  Marine, Unknown, Barracks Tech Lab  
  140  11:21  Barracks Tech Lab  
  140  11:22  SCV x2  
  140  11:23  SCV  
  140  11:26  Marine x3, Unknown  
  140  11:27  Marine, Missile Turret  
  140  11:28  Missile Turret x2  
  144  11:36  Marine  
  144  11:37  Unknown  
  144  11:38  Marauder  
  151  11:40  Planetary Fortress  
  151  11:43  Refinery, Marine x2  
  151  11:44  Refinery, Marine x3  
  151  11:45  Widow Mine x2  
  158  11:49  SCV x2  
  160  11:54  Marine x2  
  160  11:59  Marauder  
  164  12:02  Marine  
  167  12:13  Unknown  
  167  12:18  Marine  
  167  12:19  Marauder  
  176  12:23  Marine x2, Marauder  
  176  12:27  SCV x2  
  182  12:30  Marauder, Unknown  
  182  12:35  SCV x2  
  182  12:36  Command Center  
  186  12:37  Marine  
  186  12:39  SCV  
  186  12:40  Marine  
  186  12:41  Marauder  
  193  12:45  Terran Infantry Weapons Level 3, Unknown x2  
  193  12:46  Unknown  
  193  12:52  Widow Mine x2  
  193  12:53  Marine x2  
  193  12:55  Marine  
  200  13:00  Terran Infantry Armor Level 3  
  200  13:08  Unknown  
  191  13:14  Marine x5, Marauder  
  191  13:15  Marauder x2  
  165  13:31  Widow Mine  
  169  13:36  Terran Ship Weapons Level 1  
  169  13:38  Marine x3, Marauder  
  174  13:42  Medivac  
  174  13:43  Medivac x2  
  174  13:44  Marine  
  174  13:47  Nuke  
  180  13:55  Marine  
  180  13:56  Marine x2  
  180  13:58  Marine, Unknown  
  180  14:00  Marine, Marauder, Unknown x2  
  180  14:01  Marauder, Unknown  
  185  14:02  Missile Turret  
  185  14:04  Missile Turret  
  187  14:13  Marine x2  
  191  14:22  Marine x3, Unknown  
  191  14:23  Marauder  
  163  14:34  Unknown  
  143  14:38  Marine  
  143  14:40  Marine, Marauder  
  143  14:43  Marine, Unknown  
  143  14:44  Viking, Unknown  
  117  14:46  Marine  
  117  14:47  Marine  
  116  14:54  Marine  
  116  14:58  Marine  
  99  15:01  Marine x2  
  99  15:02  Unknown  
  99  15:06  Marine  
  88  15:20  Barracks  
  80  15:22  Barracks  
  76  15:39  Marine x2  
  76  15:40  Marauder  
  61  15:54  Marine  
  53  15:57  Marine  
  53  16:01  Marauder  
  55  16:06  SCV x2  
  51  16:13  Marauder  
  51  16:15  Marine  
  51  16:18  SCV  
  53  16:22  Marine  
  53  16:24  Marine x2  
  56  16:30  SCV  
  56  16:33  Marine  
  56  16:34  Marauder  
  56  16:35  Engineering Bay  
  60  16:40  Marine  
  60  16:46  SCV  
Show
View Real Time Build Order
Export as new Build Order

Creature Protoss - Winner!

Build Orders: 1 Gate Expand, Oracle Opening, Zealot Archon 

Get SALT Encoding   

  12  0:00  Probe  
  13  0:12  Probe  
  14  0:18  Pylon  
  14  0:25  Probe  
  15  0:33  Probe  
  15  0:37  Gateway  
  15  0:41  Probe  
  16  0:47  Assimilator  
  17  0:51  Probe  
  18  1:03  Probe  
  19  1:15  Probe  
  20  1:24  Cybernetics Core  
  20  1:33  Nexus  
  20  1:39  Pylon  
  20  1:43  Probe  
  21  1:50  Adept  
  21  1:51  Assimilator  
  21  1:56  Probe  
  24  2:06  Shield Battery  
  24  2:09  Probe  
  24  2:11  Adept  
  27  2:24  Probe  
  28  2:30  Stargate  
  28  2:37  Probe  
  28  2:43  Warp Gate  
  29  2:46  Probe  
  29  2:49  Probe, Adept  
  33  3:03  Probe  
  34  3:06  Probe  
  35  3:14  Oracle, Probe  
  35  3:17  Probe  
  39  3:22  Probe  
  39  3:25  Probe  
  41  3:30  Probe  
  41  3:41  Probe  
  41  3:43  Probe  
  41  3:46  Pylon, Oracle  
  43  3:53  Probe, Gateway x2  
  42  3:55  Probe  
  46  4:06  Probe  
  46  4:07  Probe  
  48  4:13  Pylon  
  48  4:16  Nexus  
  48  4:18  Probe  
  48  4:20  Probe  
  50  4:24  Oracle  
  50  4:30  Probe  
  54  4:32  Probe  
  54  4:35  Assimilator  
  54  4:37  Twilight Council  
  55  4:42  Probe  
  55  4:44  Forge  
  57  4:45  Probe  
  57  4:46  Assimilator  
  57  4:50  Sentry  
  59  4:54  Probe  
  59  4:57  Probe  
  61  5:04  Pylon  
  61  5:07  Pylon  
  61  5:08  Probe  
  61  5:22  Phoenix  
  61  5:23  Stalker x3  
  68  5:31  Probe  
  68  5:32  Charge  
  68  5:35  Probe  
  70  5:39  Probe  
  71  5:44  Probe  
  71  5:45  Protoss Ground Armor Level 1  
  71  5:47  Probe  
  73  5:51  Probe  
  73  5:55  Shield Battery  
  73  5:56  Probe  
  75  5:59  Probe  
  75  6:04  Probe  
  77  6:08  Gateway  
  77  6:09  Probe, Gateway  
  78  6:11  Probe  
  78  6:13  Pylon  
  78  6:16  Probe  
  80  6:21  Probe  
  80  6:24  Probe  
  80  6:25  Pylon, Gateway  
  82  6:27  Templar Archives  
  82  6:30  Pylon  
  82  6:31  Probe  
  83  6:35  Probe  
  83  6:38  Assimilator x2  
  84  6:44  Gateway x2  
  84  6:45  Probe  
  83  6:49  Probe  
  83  6:51  Zealot x3  
  90  6:54  Pylon  
  90  7:04  Robotics Facility  
  90  7:05  Photon Cannon  
  90  7:08  Photon Cannon  
  90  7:09  Shield Battery  
  90  7:13  Zealot x5  
  98  7:17  Probe  
  98  7:21  Probe  
  96  7:25  Zealot  
  96  7:28  Pylon  
  98  7:34  Protoss Ground Weapons Level 1, Zealot x5  
  98  7:36  Blink  
  108  7:39  Pylon  
  108  7:40  Pylon  
  108  7:42  Probe  
  107  7:48  High Templar x3  
  113  7:52  Archon  
  113  7:56  High Templar  
  105  8:09  Archon  
  105  8:10  Zealot  
  105  8:12  Zealot x3  
  92  8:30  Zealot x4  
  92  8:31  Zealot  
  92  8:33  Immortal  
  87  8:35  Zealot x3  
  87  8:38  Probe  
  84  8:41  Psionic Storm  
  82  8:51  Gateway  
  82  8:52  Gateway  
  82  8:54  High Templar x4  
  86  8:59  Photon Cannon x2  
  86  9:03  Zealot x4  
  86  9:05  Warp Prism  
  86  9:07  Archon  
  96  9:26  High Templar  
  96  9:27  High Templar, Nexus  
  96  9:28  High Templar x2  
  96  9:29  Zealot x3  
  110  9:34  Pylon  
  110  9:45  Forge  
  110  9:46  Pylon  
  110  9:48  Zealot  
  110  9:52  Stalker x5  
  121  10:00  Protoss Ground Weapons Level 2  
  121  10:08  Photon Cannon  
  121  10:10  Probe  
  121  10:13  Pylon  
  122  10:15  Shield Battery  
  122  10:16  High Templar x3  
  122  10:17  Zealot x4  
  122  10:18  Zealot x2  
  140  10:22  Archon  
  140  10:23  Pylon  
  140  10:27  Pylon, Unknown  
  140  10:42  Zealot x7  
  147  10:50  Archon  
  147  10:52  Protoss Ground Armor Level 2  
  126  11:00  Probe  
  126  11:02  Zealot x7  
  126  11:03  Probe  
  128  11:06  Probe  
  128  11:08  Probe  
  128  11:13  Probe  
  128  11:15  Probe  
  130  11:30  High Templar x5  
  130  11:31  Zealot x5  
  150  11:36  Archon  
  150  11:39  Probe  
  151  11:44  Robotics Bay  
  151  11:47  Probe  
  151  11:48  Probe  
  153  12:01  Robotics Facility  
  153  12:02  Observer  
  153  12:06  Nexus  
  150  12:18  Zealot x10  
  166  12:22  Protoss Ground Weapons Level 3  
  166  12:23  Archon  
  166  12:25  Archon  
  167  12:30  Probe  
  167  12:31  Pylon  
  167  12:39  Extended Thermal Lance  
  167  12:40  Disruptor  
  170  12:50  Probe  
  171  12:53  Disruptor  
  174  12:59  Shield Battery  
  174  13:00  Photon Cannon  
  174  13:02  Pylon, Stalker x7  
  188  13:06  Archon  
  174  13:15  Zealot x3  
  158  13:24  Disruptor  
  147  13:31  Zealot x7  
  155  13:35  Colossus  
  155  13:38  Protoss Ground Armor Level 3  
  155  13:40  Stalker  
  155  13:41  Stalker x2  
  167  13:55  Probe  
  168  14:08  Stalker x3  
  168  14:09  Stalker x7  
  188  14:19  Disruptor  
  160  14:43  Zealot x5  
  160  14:44  Zealot x2  
  153  14:53  Disruptor  
  153  14:55  Shield Battery  
  153  14:58  Shield Battery  
  141  15:00  Photon Cannon  
  137  15:11  High Templar x4  
  105  15:55  Probe  
  98  15:57  Stalker x5  
  98  15:58  Zealot  
  98  16:03  Observer  
  99  16:15  Probe  
  96  16:18  Observer  
  96  16:19  High Templar  
  96  16:20  High Templar x3  
  96  16:21  Zealot  
  96  16:22  Zealot x5  
  96  16:24  Archon x2  
  114  16:30  Probe  
  116  16:56  Nexus  
Tags
 
Add a new tag
Caveats
  • Supply blocks, unpowered buildings, or Contaminate may cause inaccurate times.
  • Supply counts are checked every 10 seconds.